 Dungeon Crawl Stone Soup version 0.26-a0-661-g406de6ba63 (webtiles) character file.

Game seed: 9320178241914476983

87 GoodGuyCap the Chopper (level 4, -3/40 HPs)
             Began as a Hill Orc Monk on Oct 9, 2020.
             Killed from afar by a white imp (9 damage)
             ... with a puff of frost
             ... summoned by Natasha
             ... on level 2 of the Dungeon.
             The game lasted 00:01:47 (2213 turns).

GoodGuyCap the Chopper (Hill Orc Monk)              Turns: 2213, Time: 00:01:49

Health: -3/40      AC:  4    Str: 14    XL:     4   Next: 51%
Magic:  4/4        EV: 12    Int: 10    God:
Gold:   54         SH:  0    Dex: 13    Spells: 3/3 levels left

rFire    . . .     SeeInvis .   a - +0 hand axe
rCold    . . .     Faith    .   (no shield)
rNeg     . . .     Spirit   .   e - +0 leather armour
rPois    .         Reflect  .   (no helmet)
rElec    .         Harm     .   (no cloak)
rCorr    .         Rampage  .   (no gloves)
MR       .....                  h - +0 pair of boots
Stlth    ++........             (no amulet)
HPRegen  0.13/turn              (no ring)
MPRegen  0.09/turn              (no ring)

@: no status effects
A: no striking features
a: no special abilities


You were on level 2 of the Dungeon.
You visited 1 branch of the dungeon, and saw 2 of its levels.

You collected 54 gold pieces.

Inventory:

Hand Weapons
 a - a +0 hand axe (weapon)
Armour
 e - a +0 leather armour (worn)
 h - a +0 pair of boots (worn)
Scrolls
 c - a scroll of identify {unknown}
 d - 2 scrolls of remove curse {unknown}
Potions
 b - a potion of lignification {unknown}
 f - 2 potions of curing {unknown}
 g - a potion of flight {unknown}


   Skills:
 * Level 4.1 Fighting
 * Level 5.5 Axes
 * Level 1.0 Armour
 + Level 2.9 Dodging
 + Level 1.6 Stealth


You had 3 spell levels left.
You didn't know any spells.
Your spell library was empty.

Dungeon Overview and Level Annotations

Branches:
Dungeon (2/15)

Altars:

Annotations:
D:2 Natasha


Message History

You closely miss the shadow imp. You hit the white imp.
Natasha barely misses you. The white imp barely misses you.
The shadow imp closely misses you.
You hit Natasha but do no damage.
Natasha is heavily wounded.
You hit the shadow imp but do no damage.
You hit the white imp but do no damage. Natasha casts a spell at you.
You resist with some effort. The white imp barely misses you.
The shadow imp gestures at you. Pain shoots through your body!
* * * LOW HITPOINT WARNING * * *
You hit Natasha.
Natasha is severely wounded.
You barely miss the white imp.
You hit the shadow imp but do no damage.
Natasha claws you but does no damage. The white imp gestures at you.
The puff of frost hits you!
You die...

#.# .# ## #####.#
.# .# #...#.# .# .#
#.#.#.# .# .###
#.#.#.### .# ...#
#.......##.# ##.#
#...8.8....#
#.#####.8.....8..#
##.#...........5@.#
...#.###..##+##h5.#
.........## ##....
####.###..# ...#.#
.....# .#... .$.#.#
####.# . ### #####
# # #.# . # #.# #
#.#


You could see Natasha, a white imp (summoned) and a shadow imp (summoned).

Vanquished Creatures
  Natasha (twice) (D:2)
  An adder (D:2)
  A worm (D:2)
  3 leopard geckos (D:1)
  3 bats (D:1)
  A giant cockroach (D:1)
  2 goblins (D:1)
  3 hobgoblins (D:1)
  2 jackals (D:2)
  A ball python (D:1)
  A frilled lizard (D:1)
  4 rats
24 creatures vanquished.

Notes
Turn   | Place    | Note
-------+----------+-------------------------------------------
     0 | D:1      | GoodGuyCap the Hill Orc Monk began the quest for the Orb.
     0 | D:1      | Reached XP level 1. HP: 19/19 MP: 1/1
   186 | D:1      | Reached XP level 2. HP: 23/27 MP: 2/2
   896 | D:2      | Noticed Natasha
   905 | D:2      | Killed Natasha
   905 | D:2      | Reached XP level 3. HP: 25/33 MP: 3/3
  1005 | D:2      | Reached skill level 5 in Axes
  1331 | D:2      | Noticed Natasha
  1379 | D:2      | Reached XP level 4. HP: 17/40 MP: 4/4
  1913 | D:2      | Killed Natasha
  1913 | D:2      | Reached skill level 1 in Armour
  2198 | D:2      | Noticed Natasha
  2213 | D:2      | Killed from afar by a white imp

Illustrated notes

Levels and vault maps discovered:
D:1:      dpeg_arrival_rooms_b, layout_basic
D:2:      layout_basic, zin_statuary, uniq_natasha

Skill      XL: |  1  2  3  4 |
---------------+-------------+-----
Fighting       | 4 |  4.1
Axes           | 5 |  5.5
Armour         | 1 |  1.0
Dodging        | |  2.9
Stealth        | |  1.6

Action                   |  1- 3 |  4- 6 || total
-------------------------+-------+-------++-------
Melee: Hand axe          |   103 |    13 ||   116
       Unarmed           |     5 |     7 ||    12
Armor: Robe              |     4 |       ||     4
       Leather armour    |    17 |     4 ||    21
Dodge: Dodged            |    75 |    15 ||    90

Table legend: (Time is in decaauts)
 A = Elapsed time spent in this place.
 B = Non-inter-level travel time spent in this place.
 C = Inter-level travel time spent in this place.
 D = Time resting spent in this place.
 E = Time spent auto-exploring this place.
 F = Levels seen in this place.
 G = Mean time per level.
                   A        B        C        D        E       F      G
               +--------+--------+--------+--------+--------+-----+--------+
         Total |   2224 |   2199 |     25 |    966 |    898 |   2 | 1112.0 |
       Dungeon |   2224 |   2199 |     25 |    966 |    898 |   2 | 1112.0 |
               +--------+--------+--------+--------+--------+-----+--------+

Top non-repeatable levels by time:
     D:1: 1407 daAuts
     D:2: 816 daAuts
